 Dungeon Crawl Stone Soup version 0.23-a0-310-gdcc7a32 (webtiles) character file.

75 namelastname112 the Slasher (level 4, -4/40 HPs)
             Began as a Draconian Chaos Knight on Oct 12, 2018.
             Was a Plaything of Xom.
             Slain by an orc wizard
             ... wielding a +3 dagger of chaos
              (13 damage)
             ... on level 3 of the Dungeon.
             The game lasted 00:02:35 (1599 turns).

namelastname112 the Slasher (DrCK)                  Turns: 1599, Time: 00:02:37

Health: -4/40      AC:  5    Str: 14    XL:     4   Next: 11%
Magic:  4/4        EV: 12    Int: 13    God:    Xom [*.....]
Gold:   125        SH:  0    Dex: 11    Spells: 3/3 levels left

rFire    . . .     SeeInvis +   a - +0 falchion (chaos)
rCold    . . .     Gourm    .   (no shield)
rNeg     . . .     Faith    .   (armour unavailable)
rPois    .         Spirit   .   (helmet restricted)
rElec    .         Reflect  .   (no cloak)
rCorr    .         Harm     +   (no gloves)
MR       .....                  (no boots)
Stlth    ++........             k - amulet of harm
HPRegen  0.13/turn              e - ring of stealth
MPRegen  0.09/turn              (no ring)

@: no status effects
A: unfitting armour, horns 1, see invisible, cold-blooded, AC +5
a: Renounce Religion


You were on level 3 of the Dungeon.
You worshipped Xom.
You were a special plaything of Xom.
You were not hungry.

You visited 1 branch of the dungeon, and saw 3 of its levels.

You collected 125 gold pieces.

Inventory:

Hand Weapons
 a - a +0 falchion of chaos (weapon)
Jewellery
 e - a ring of stealth (left hand)
 k - an amulet of harm (around neck)
Scrolls
 c - 6 scrolls of identify {unknown}
 d - 3 scrolls of magic mapping {unknown}
 g - a scroll of remove curse {unknown}
 j - 2 scrolls of enchant armour {unknown}
 l - a scroll of teleportation {unknown}
Potions
 f - a potion of brilliance {unknown}
 h - 2 potions of ambrosia {unknown}
 i - a potion of lignification {unknown}
Comestibles
 b - a ration
 m - 3 chunks of flesh


   Skills:
 + Level 3.9 Fighting
 * Level 4.2 Long Blades
 + Level 2.7 Dodging


You had 3 spell levels left.
You didn't know any spells.
Your spell library was empty.

Dungeon Overview and Level Annotations

Branches:
Dungeon (3/15)

Altars:
Xom

Portals:
Sewer: D:3

Annotations:
D:3 3 runed doors, galech's ghost, amateur DsFi


Innate Abilities, Weirdness & Mutations

Your plain brown scales are hard. (AC +5)
You cannot fit into any form of body armour.
You are cold-blooded and may be slowed by cold attacks.
You have a pair of small horns on your head.
You have supernaturally acute eyesight. (SInv)


Message History

The orc wizard is lightly wounded.
The orc wizard barely misses you.
The orc wizard gestures wildly while chanting.
The orc wizard seems to speed up.
The orc wizard hits you but does no damage. x2
You barely miss the orc wizard.
You headbutt the orc wizard, but do no damage.
The orc wizard is lightly wounded.
Xom chortles.
The orc wizard's dagger is briefly surrounded by a scintillating aura of random The orc wizard hits you but does no damage.
The orc wizard barely misses you.
You riposte.
You hit the orc wizard.
Xom thinks this is hilarious!
Nothing appears to happen.
You headbutt the orc wizard.
The orc wizard is lightly wounded.
The orc wizard hits you with a dagger of chaos.
* * * LOW HITPOINT WARNING * * *
You are electrocuted!
You die...
Xom howls with laughter!

.##
....########
.........o@#
#........o.#
.......)...#
.>.........#
...........#
#..........#
#..
.#...#######
... ...#.
... ##...


You could see 2 orc wizards.

Vanquished Creatures
  An adder (D:3)
  An ooze (D:2)
  3 worms (D:2)
  A dart slug (D:1)
  4 leopard geckos
  An orc (D:3)
  6 bats
  A giant cockroach (D:2)
  5 goblins
  9 hobgoblins
  4 frilled lizards
  3 kobolds
  6 rats
45 creatures vanquished.

Notes
Turn   | Place    | Note
-------+----------+-------------------------------------------
     0 | D:1      | namelastname112 the Draconian Chaos Knight began the quest
                  | for the Orb.
     0 | D:1      | Reached XP level 1. HP: 19/19 MP: 1/1
   224 | D:1      | Reached XP level 2. HP: 19/26 MP: 2/2
   259 | D:1      | XOM: mild Erth miscast
   454 | D:1      | XOM: silly message
   617 | D:2      | Reached XP level 3. HP: 31/33 MP: 3/3
   834 | D:2      | XOM: scenery: create altars
   874 | D:2      | Reached skill level 4 in Long Blades
  1178 | D:2      | XOM: give mutations
  1178 | D:2      | Gained mutation: Scrolls take you a little longer to read.
                  | [Xom's mischief]
  1178 | D:2      | Lost mutation: Scrolls take you a little longer to read.
                  | [Xom's mischief]
  1178 | D:2      | Gained mutation: You have supernaturally acute eyesight.
                  | (SInv) [Xom's mischief]
  1178 | D:2      | Gained mutation: You have a pair of small horns on your
                  | head. [Xom's mischief]
  1303 | D:2      | XOM: summons 1 hostile demon
  1450 | D:2      | XOM: harmless Tmut miscast
  1546 | D:3      | Found a runed gate.
  1547 | D:3      | Found a runed gate.
  1551 | D:3      | Found a runed gate.
  1553 | D:3      | Noticed galech's ghost (amateur DsFi)
  1577 | D:3      | Found a glowing drain.
  1593 | D:3      | Reached XP level 4. HP: 26/40 MP: 4/4
  1599 | D:3      | XOM: chaos upgrade
  1599 | D:3      | Slain by an orc wizard

Vault maps used:
D:1:      minmay_arrival_checkered_box
D:3:      first_ration, gup_sewer_entry_glass, gammafunk_ghost_necromancy,
          roderic_roman_lattice, uniq_sigmund

Skill      XL: |  1  2  3 |
---------------+----------+-----
Long Blades    | 4 |  4.2
Fighting       | |  3.9
Dodging        | |  2.7

Action                   |  1- 3 |  4- 6 || total
-------------------------+-------+-------++-------
Melee: Falchion          |   116 |     6 ||   122
       Tailslap          |    13 |       ||    13
       Headbutt          |     1 |     2 ||     3
 Stab: Sleeping          |     7 |       ||     7
       Petrified         |     3 |       ||     3
       Confused          |     1 |       ||     1
       Petrifying        |     1 |       ||     1
  Eat: Chunk             |     2 |       ||     2
Armor: Skin              |    20 |     5 ||    25
Dodge: Dodged            |    84 |     4 ||    88
       Rpst.: Falchion   |    25 |     2 ||    27

Table legend:
 A = Non-vault XP
 B = Vault XP
 C = Vault XP percentage of total XP
 D = Non-vault monster count
 E = Vault monster count
 F = Vault count percentage of total count
                 A         B        C        D         E       F
            +---------+---------+-------+---------+---------+-------
      Total |     108 |       0 |   0.0 |      45 |       0 |   0.0
            +---------+---------+-------+---------+---------+-------
        D:1 |      37 |       0 |   0.0 |      20 |       0 |   0.0
        D:2 |      49 |       0 |   0.0 |      20 |       0 |   0.0
        D:3 |      22 |       0 |   0.0 |       5 |       0 |   0.0
            +---------+---------+-------+---------+---------+-------
